 Dungeon Crawl Stone Soup version 0.28-a0-1033-g1a2f33fa85 (webtiles) character file.

Game seed: 10196854002757215307

144 siradein the Skirmisher (level 5, 0/46 HPs)
             Began as a Ghoul Fighter on Dec 8, 2021.
             Slain by Sigmund (7 damage)
             ... on level 3 of the Dungeon.
             The game lasted 00:05:39 (2045 turns).

siradein the Skirmisher (Ghoul Fighter)             Turns: 2045, Time: 00:05:40

Health: 0/46       AC:  6    Str: 20    XL:     5   Next: 27%
Magic:  4/4        EV:  7    Int:  3    God:
Gold:   190        SH:  0    Dex: 10    Spells: 4/4 levels left

rFire   . . .      SeeInvis .   a - +0 flail
rCold   + . .      Faith    .   r - +0 kite shield
rNeg    + + +      Spirit   .   b - +0 scale mail
rPois   ∞          Reflect  +   (no helmet)
rElec   .          Harm     .   (no cloak)
rCorr   .          Rampage  .   (no gloves)
Will    .....                   (no boots)
Stlth   ..........              k - amulet of reflection
HPRegen 0.00/turn               (no ring)
MPRegen 0.09/turn               (no ring)

@: confused, inhibited regen
A: claws 1, cold resistance 1, negative energy resistance 3, inhibited
regeneration, torment resistance 2
a: no special abilities


You were on level 3 of the Dungeon.
You visited 1 branch of the dungeon, and saw 3 of its levels.

You collected 190 gold pieces.

Inventory:

Hand Weapons
 a - a +0 flail (weapon)
Missiles
 j - 29 poisoned darts (quivered)
Armour
 b - a +0 scale mail (worn)
 r - a +0 kite shield (worn)
Jewellery
 k - an amulet of reflection (around neck)
Scrolls
 e - a scroll of fog {unknown}
 f - a scroll of vulnerability {unknown}
 h - a scroll of amnesia {unknown}
 i - 3 scrolls of identify {unknown}
 l - a scroll of summoning {unknown}
 m - 2 scrolls of teleportation {unknown}
 o - a scroll of torment {unknown}
Potions
 d - a potion of might
 g - 2 potions of lignification {unknown}
 n - 2 potions of curing {unknown}
 p - a potion of berserk rage {unknown}
 q - a potion of cancellation {unknown}


   Skills:
 + Level 4.2 Fighting
 + Level 2.8 Maces & Flails
 + Level 3.5 Armour
 + Level 3.5 Shields


You had 4 spell levels left.
You didn't know any spells.
Your spell library contained the following spells:

 Spells                   Type           Power      Damage    Failure   Level
 Foxfire                  Conj/Fire      0%         2x1d4     100%        1
 Ensorcelled Hibernation  Hex/Ice        0%         N/A       100%        2
 Conjure Flame            Conj/Fire      0%         6-21      100%        3
 Inner Flame              Hex/Fire       0%         N/A       100%        3
 Tukima's Dance           Hex            0%         N/A       100%        3
 Flame Wave               Conj/Fire      0%         2d4       100%        4


Dungeon Overview and Level Annotations

Branches:
Dungeon (3/15)

Altars:

Annotations:
D:3 Sigmund


Innate Abilities, Weirdness & Mutations

You thrive by killing the living.
You are immune to poison.
You have sharp fingernails.
Your flesh is cold resistant. (rC+)
You are immune to negative energy. (rN+++)
You do not regenerate when monsters are visible.
You are immune to unholy pain and torment.


Message History

A magic dart appears from out of thin air!
The magic dart hits you!
A magic dart appears from out of thin air!
The magic dart hits you!
Items here: ))))) [ ÷÷.
A magic dart appears from out of thin air!
The magic dart hits you.
Something tries to affect you, but you resist.
You see here a human skeleton.
You see here a human skeleton.
You block Sigmund's attack.
You barely miss Sigmund. Sigmund closely misses you.
You hit Sigmund.
Sigmund is lightly wounded.
You block Sigmund's attack.
You closely miss Sigmund.
Sigmund is lightly wounded.
You block Sigmund's attack.
You closely miss Sigmund.
Sigmund is lightly wounded.
You block Sigmund's attack.
You hit Sigmund.
Sigmund is moderately wounded.
Sigmund points at you and mumbles some strange words.
You are confused.
Sigmund hits you with a +0 scythe.
You thump Sigmund!
Sigmund is heavily wounded.
Sigmund hits you but does no damage.
You closely miss Sigmund.
Sigmund is heavily wounded.
Sigmund closely misses you.
You bump into the rock wall.
You bump into the rock wall.
Sigmund mumbles some strange words.
Sigmund flickers and vanishes!
Something hits you!
* * * LOW HITPOINT WARNING * * *
You bump into the rock wall.
Something hits you!
You die...

#...#..)..#.#.#.#.#.#.#.
#...+#...#.#.#.#.#.#+#.#
#####...#.....#.#+#+#.#.....
#......#.#.#.#.#......+....#
##......'#.#.#.#+.###..#.....
#.......###########.##.#.....
#.......# ##.....####....
#.......# ####.÷..#÷.######.
##.......## #@...#####..#.....
#.........# #{#÷##÷####.#####.
#.........# #.#.#†...##.#....#
#.........###.###....#.#####.#
#..............##†..†.##.....#
#...............###..###.^<#..
#...............#.####.#####.#
#...............#.# #........
#...............'.# ########'#


There were no monsters in sight!

Vanquished Creatures
  A scorpion (D:2)
  An adder (D:2)
  6 dart slugs
  7 orcs (D:3)
  An endoplasm (D:3)
  2 giant cockroaches
  8 goblins
  2 hobgoblins (D:1)
  4 quokkas
  5 ball pythons
  11 frilled lizards
  3 kobolds
  4 rats
55 creatures vanquished.

Notes
Turn   | Place    | Note
-------+----------+-------------------------------------------
     0 | D:1      | siradein the Ghoul Fighter began the quest for the Orb.
     0 | D:1      | Reached XP level 1. HP: 19/19 MP: 0/0
   150 | D:1      | Reached XP level 2. HP: 13/26 MP: 1/1
   852 | D:2      | Reached XP level 3. HP: 31/31 MP: 2/2
   893 | D:2      | Noticed a scorpion
   898 | D:2      | Killed a scorpion
   899 | D:2      | Reached skill level 4 in Fighting
   899 | D:2      | Reached XP level 4. HP: 40/40 MP: 3/3
  1331 | D:2      | Reached XP level 5. HP: 44/46 MP: 4/4
  1977 | D:3      | Noticed Sigmund
  2045 | D:3      | Slain by Sigmund

Illustrated notes

Levels and vault maps discovered:
D:1:      matt_arrival_grand_opening, layout_rooms
D:2:      layout_rooms
D:3:      layout_basic, wander_ebering_terrifying_dragon_lair, uniq_sigmund

Skill      XL: |  1  2  3 |
---------------+----------+-----
Maces & Flails | 2 |  2.8
Armour         | 3 |  3.5
Shields        | 3 |  3.5
Fighting       | 4 |  4.2

Action                   |  1- 3 |  4- 6 || total
-------------------------+-------+-------++-------
Melee: Flail             |    78 |   103 ||   181
Throw: Dart              |     2 |       ||     2
Armor: Scale mail        |    37 |    37 ||    74
Dodge: Dodged            |    39 |    35 ||    74
Block: Buckler           |    22 |    28 ||    50
       Kite shield       |       |    27 ||    27
       Reflection        |       |     2 ||     2

Table legend: (Time is in decaauts)
 A = Elapsed time spent in this place.
 B = Non-inter-level travel time spent in this place.
 C = Inter-level travel time spent in this place.
 D = Time resting spent in this place.
 E = Time spent auto-exploring this place.
 F = Levels seen in this place.
 G = Mean time per level.
                   A        B        C        D        E       F      G
               +--------+--------+--------+--------+--------+-----+--------+
         Total |   2110 |   2069 |     41 |      3 |   1548 |   3 |  703.3 |
       Dungeon |   2110 |   2069 |     41 |      3 |   1548 |   3 |  703.3 |
               +--------+--------+--------+--------+--------+-----+--------+

Top non-repeatable levels by time:
     D:1: 810 daAuts
     D:2: 657 daAuts
     D:3: 642 daAuts
